 Dungeon Crawl Stone Soup version 0.27-a0-538-g15ff5c5295 (webtiles) character file.

Game seed: 710373287990067333

30 Frqise the Skirmisher (level 3, 0/30 HPs)
             Began as a Formicid Abyssal Knight on Mar 5, 2021.
             Was a Follower of Lugonu.
             Succumbed to an adder's poison
             ... on level 2 of the Dungeon on Mar 6, 2021.
             The game lasted 00:03:26 (1529 turns).

Frqise the Skirmisher (Formicid Abyssal Knight)     Turns: 1529, Time: 00:03:26

Health: 0/30       AC:  3    Str: 17    XL:     3   Next: 37%
Magic:  5/5        EV: 11    Int: 11    God:    Lugonu [*.....]
Gold:   51         SH:  0    Dex: 10    Spells: 2/2 levels left

rFire    . . .     SeeInvis +   a - +1 hand axe
rCold    . . .     Faith    .   (no shield)
rNeg     . . .     Spirit   .   b - +0 leather armour
rPois    .         Reflect  .   (helmet unavailable)
rElec    .         Harm     .   (no cloak)
rCorr    .         Rampage  .   (no gloves)
Will     .....                  (no boots)
Stlth    +.........             (no amulet)
HPRegen  0.10/turn              (no ring)
MPRegen  0.09/turn              (no ring)

@: lethally poisoned (0 -> -6)
A: permanent stasis, dig shafts and tunnels, antennae 3, four strong arms
a: Dig, Shaft Self, Renounce Religion, Depart the Abyss


You were on level 2 of the Dungeon.
You worshipped Lugonu.
Lugonu was aware of your devotion.
You visited 1 branch of the dungeon, and saw 2 of its levels.
You visited the Abyss 1 time.

You collected 51 gold pieces.

Inventory:

Hand Weapons
 a - a +1 hand axe (weapon)
Armour
 b - a +0 leather armour (worn)
Jewellery
 d - an amulet of the acrobat
Scrolls
 e - a scroll of random uselessness {unknown}
 f - a scroll of teleportation {unknown}
 j - a scroll of amnesia {unknown}
Potions
 c - a potion of curing {unknown}
 g - a potion of heal wounds {unknown}
 h - a potion of lignification {unknown}
 i - a potion of resistance {unknown}
 k - a potion of brilliance {unknown}


   Skills:
 + Level 3.9 Fighting
 + Level 2.3 Axes
 + Level 2.4 Armour
 + Level 1.0 Dodging
 + Level 2.6 Invocations


You had 2 spell levels left.
You didn't know any spells.
Your spell library was empty.

Dungeon Overview and Level Annotations

Branches:
Dungeon (2/15)

Altars:


Innate Abilities, Weirdness & Mutations

You cannot be hasted, slowed, berserked, paralysed or teleported.
You can dig through walls and to a lower floor.
You have a pair of large antennae on your head. (SInv)
Your four strong arms can wield two-handed weapons with a shield.


Message History

You kill the hobgoblin!
Lugonu accepts your kill.
Things that are here:
a +0 club; a hobgoblin corpse
i - a ruby potion
j - a scroll labelled MUAPNU BAEPS
Things that are here:
a +0 club; a hobgoblin corpse
k - a cyan potion
Found an escape hatch in the floor.
You sense a monster nearby.
An adder comes into view.
The adder hisses angrily.
An adder is nearby!
An adder comes into view.
The adder closely misses you.
You barely miss the adder. The adder bites you. x2
You hit the adder.
The adder is heavily wounded.
You hit the adder.
The adder bites you. x2; The adder closely misses you.
The adder bites you but does no damage.
You barely miss the adder.
The adder is heavily wounded.
You closely miss the adder. The adder bites you. x2
* * * LOW HITPOINT WARNING * * *
You closely miss the adder.
The adder is heavily wounded.
You closely miss the adder. The adder closely misses you.
The adder barely misses you. x2; The adder closely misses you.
You barely miss the adder.
The adder is heavily wounded.
You barely miss the adder. The adder bites you.
* * * LOW HITPOINT WARNING * * *
The adder bites you.
* * * LOW HITPOINT WARNING * * *
The adder bites you.
* * * LOW HITPOINT WARNING * * *
You are lethally poisoned!
The adder poisons you!
You die...

.#.. ........#
.... .......#
... .......#
.. .......+
#.##......#
#..#......#
#.#......#
#.S.S....#
##@#######
#.....#
#.....#
#.....#
#.....#
##....# #....#
#....#......>
##..##.......#


You could see 2 adders.

Vanquished Creatures
  2 worms (D:2)
  A dart slug (D:1)
  3 bats
  3 giant cockroaches (D:1)
  2 goblins
  4 hobgoblins
  A quokka (D:2)
  A frilled lizard (D:1)
  2 kobolds (D:1)
  3 rats (D:1)
22 creatures vanquished.

Notes
Turn   | Place    | Note
-------+----------+-------------------------------------------
     0 | Abyss:1  | Frqise the Formicid Abyssal Knight began the quest for the
                  | Orb.
     0 | Abyss:1  | Reached XP level 1. HP: 18/18 MP: 2/2
    53 | Abyss:1  | Noticed an unseen horror
    54 | D:1      | Escaped the Abyss
   276 | D:1      | Reached XP level 2. HP: 25/25 MP: 3/3
   314 | D:1      | Reached * piety under Lugonu
   556 | D:1      | Reached skill level 1 in Dodging
   951 | D:1      | Upgraded the game from 0.27-a0-522-g46bbb28828 to
                  | 0.27-a0-538-g15ff5c5295
  1001 | D:2      | Reached XP level 3. HP: 24/30 MP: 4/4
  1528 | D:2      | HP: 1/30 [adder (4)]
  1529 | D:2      | Succumbed to an adder's poison

Illustrated notes

Levels and vault maps discovered:
D:1:      dpeg_arrival_prison, layout_basic, minmay_misc_feat_encased,
          grunt_decor_arrowhead
D:2:      layout_basic, nicolae_overflow_crystal_walls

Skill      XL: |  1  2 |
---------------+-------+-----
Dodging        | 1 |  1.0
Fighting       | |  3.9
Axes           | |  2.3
Armour         | |  2.4
Invocations    | |  2.6

Action                   || total
-------------------------++-------
Melee: Hand axe          ||    72
Invok: Depart the Abyss  ||     1
Armor: Leather armour    ||    22
Dodge: Dodged            ||    55

Table legend: (Time is in decaauts)
 A = Elapsed time spent in this place.
 B = Non-inter-level travel time spent in this place.
 C = Inter-level travel time spent in this place.
 D = Time resting spent in this place.
 E = Time spent auto-exploring this place.
 F = Levels seen in this place.
 G = Mean time per level.
                   A        B        C        D        E       F      G
               +--------+--------+--------+--------+--------+-----+--------+
         Total |   1541 |   1513 |     28 |    367 |    808 |   3 |  513.7 |
       Dungeon |   1487 |   1459 |     28 |    367 |    756 |   2 |  743.5 |
         Abyss |     54 |     54 |      0 |      0 |     52 |   1 |   54.0 |
               +--------+--------+--------+--------+--------+-----+--------+

Top non-repeatable levels by time:
     D:1: 937 daAuts
     D:2: 550 daAuts
 Abyss:1: 54 daAuts
